 Dungeon Crawl Stone Soup version 0.31-a0-232-gb1c03b2570 (webtiles) character file.

Game seed: 3846195344773584939

251 qw the Shooter (level 6, -4/36 HPs)
             Began as a Gargoyle Hexslinger on July 7, 2023.
             Slain by a gnoll bouda
             ... wielding a +0 whip
              (6 damage)
             ... on level 4 of the Dungeon.
             The game lasted 00:01:08 (2671 turns).

qw the Shooter (Gargoyle Hexslinger)                Turns: 2671, Time: 00:01:09

Health: -4/36      AC:  9    Str: 11    XL:     6   Next: 13%
Magic:  7/7        EV: 10    Int: 14    God:
Gold:   171        SH:  0    Dex: 14    Spells: 6/7 levels left

rFire   . . .        Y - +2 sling
rCold   . . .        (no shield)
rNeg    + . .        l - +0 ring mail
rPois   inf          (no helmet)
rElec   +            (no cloak)
rCorr   .            (no gloves)
SInv    .            (no boots)
Will    .....        (no amulet)
Stlth   +            (no ring)
HPRegen 0.26/turn    (no ring)
MPRegen 0.10/turn

%: no passive effects
@: no status effects
A: sickness immunity, AC +4, negative energy resistance 1, electricity
resistance, torment resistance 1, petrification resistance
a: no special abilities


You were on level 4 of the Dungeon.
You visited 2 branches of the dungeon, and saw 5 of its levels.

You collected 171 gold pieces.


Innate Abilities, Weirdness & Mutations

You are immune to sickness and miasma.
Your stone body is resilient. (AC +4)
You are immune to poison.
You resist negative energy. (rN+)
You are resistant to electric shocks. (rElec)
You are resistant to unholy torment.
You are immune to petrification.


   Skills:
 + Level 2.8 Fighting
 - Level 5.5 Ranged Weapons
 - Level 1.1 Armour
 - Level 1.5 Dodging
 - Level 1.0 Spellcasting
 - Level 2.6 Hexes


You had 6 spell levels left.
You knew the following spells:

 Your Spells              Type           Power      Damage    Failure   Level
a - Slow                  Hex            32%        N/A       21%         1

Your spell library contained the following spells:

 Spells                   Type           Power      Damage    Failure   Level
 Inner Flame              Hex/Fire       4%         N/A       71%         3
 Portal Projectile        Hex/Tloc       8%         N/A       71%         3
 Cause Fear               Hex            4%         N/A       90%         4

Inventory:

Hand Weapons
 Y - a +2 sling (weapon)
Armour
 l - a +0 ring mail (worn)
Scrolls
 e - a scroll of enchant armour
 f - 2 scrolls of identify
Potions
 a - a potion of enlightenment
 g - a potion of haste
 h - a potion of lignification {unknown}
 j - a potion of resistance {unknown}
 k - a potion of might

Dungeon Overview and Level Annotations

Branches:
Dungeon (4/15)             Temple (1/1) D:4

Altars:
Ashenzari
Cheibriados
Gozag
Kikubaaqudgha
Makhleb
Nemelex Xobeh
Sif Muna
Trog
Uskayaw
Vehumet
Xom
Yredelemnul


Message History

You shoot a sling bullet. The sling bullet hits the gnoll.
You kill the gnoll!
The gnoll hits you but does no damage.
The hobgoblin hits you but does no damage.
The gnoll bouda hits you with a +0 whip.
The gnoll closely misses you.
The hobgoblin hits you but does no damage.
The gnoll bouda barks out a call to the hunt!
The gnolls pick up the pace!
The gnoll hits you with a +2 whip of electrocution.
You shoot a sling bullet. The sling bullet hits the gnoll bouda!
The gnoll bouda is heavily wounded.
The gnoll barely misses you. The gnoll closely misses you.
The hobgoblin barely misses you.
The gnoll bouda hits you with a +0 whip.
You shoot a sling bullet.
The sling bullet barely misses the gnoll bouda.
The gnoll hits you from afar with a +0 spear.
The gnoll closely misses you.
The hobgoblin hits you but does no damage.
The gnoll bouda hits you with a +0 whip!
You shoot a sling bullet. The sling bullet hits the gnoll bouda.
The gnoll bouda is heavily wounded.
The hobgoblin completely misses you.
The gnoll hits you from afar with a +0 spear.
The gnoll bouda closely misses you. The gnoll misses you.
The hobgoblin hits you but does no damage.
The gnoll bouda hits you but does no damage.
The gnoll hits you with a +2 whip of electrocution.
The gnoll hits you from afar with a +0 spear.
You shoot a sling bullet. The sling bullet hits the gnoll bouda.
The gnoll bouda is severely wounded.
The gnoll barely misses you. The gnoll hits you but does no damage.
The gnoll bouda barely misses you. The hobgoblin barely misses you.
You shoot a sling bullet.
The sling bullet closely misses the gnoll bouda.
The gnoll closely misses you. The gnoll barely misses you.
The hobgoblin hits you.
The gnoll bouda hits you with a +0 whip.
You die...

#. ##77 7##.## .
...7 ..... .. ####7
###... ## ?.. .....
..... #.#.... ####
##..#.###S..)# #
#...#..#gg).# #
#.#.##..@gg# ##
#.#....##..# .##
##...#.#....# ..##
###....#.#.#..#
#..###........#...##
.#.#......#..#...##
.......##.#..#.#.#
.....<....##.#.#.#
.......#.##........#


You could see a gnoll bouda, 2 gnolls, a hobgoblin and a ball python.

Vanquished Creatures
  A scorpion (D:4)
  An orc priest (D:3)
  3 gnolls (D:4)
  5 adders
  2 dart slugs
  2 orcs (D:3)
  7 endoplasms
  4 giant cockroaches
  9 goblins
  7 hobgoblins
  7 jackals
  4 kobolds
  A quokka (D:2)
  5 ball pythons
  9 bats
  3 frilled lizards
  10 rats
80 creatures vanquished.

Notes
Turn   | Place    | Note
-------+----------+-------------------------------------------
     0 | D:1      | qw the Gargoyle Hexslinger began the quest for the Orb.
     0 | D:1      | Reached XP level 1. HP: 12/12 MP: 2/2
     0 | D:1      | 0 ||| qw: Version: 0.3-a-46-gb1f654a
     0 | D:1      | 0 ||| qw: Game counter: 2488
     0 | D:1      | 0 ||| qw: Melee chars always use a shield: true
     0 | D:1      | 0 ||| qw: God list: Okawaru
     0 | D:1      | 0 ||| qw: Allow faded altars: false
     0 | D:1      | 0 ||| qw: Do Orc after clearing Dungeon:15 true
     0 | D:1      | 0 ||| qw: Do second Lair branch before Depths: true
     0 | D:1      | 0 ||| qw: Lair rune preference: random
     0 | D:1      | 0 ||| qw: Goals: Normal
     0 | D:1      | 0 ||| PLANNING D:1-11
   131 | D:1      | Reached XP level 2. HP: 16/16 MP: 3/3
   223 | D:1      | Reached skill level 3 in Ranged Weapons
   760 | D:1      | 760 ||| READING scroll labelled HIF QEREUNIRO.
   761 | D:1      | 761 ||| READING scroll labelled LEMOOGRE UCSA.
   762 | D:1      | 762 ||| READING 2 scrolls labelled LAOSHR NEETEI.
   763 | D:1      | 763 ||| READING scroll labelled LUCHAU INKU.
   764 | D:1      | 764 ||| READING scroll labelled QERYCL CUURHA.
   765 | D:1      | 765 ||| DROPPING scroll of poison.
   794 | D:2      | Reached XP level 3. HP: 21/21 MP: 4/4
   804 | D:2      | 804 ||| STAIRDANCE
  1184 | D:2      | Identified the +7 short sword "Guwem" {flame, rF+ Dex+2
                  | Stlth+}
  1205 | D:2      | 1205 ||| READING scroll labelled HOGOEC TAF.
  1206 | D:2      | 1206 ||| READING scroll labelled WUGITWIEBU.
  1207 | D:2      | 1207 ||| READING scroll labelled MEISIAGA MURA.
  1208 | D:2      | 1208 ||| READING 2 scrolls of identify.
  1208 | D:2      | 1208 ||| IDENTIFYING lumpy red potion
  1249 | D:3      | Reached XP level 4. HP: 26/26 MP: 5/5
  1261 | D:3      | Reached skill level 4 in Ranged Weapons
  1607 | D:3      | Found a basalt altar of Yredelemnul.
  1657 | D:3      | Reached XP level 5. HP: 27/30 MP: 6/6
  1961 | D:3      | 1961 ||| UPGRADING to +0 leather armour.
  1971 | D:3      | 1971 ||| DROPPING +0 robe.
  1972 | D:3      | 1972 ||| UPGRADING to +0 ring mail.
  1982 | D:3      | 1982 ||| DROPPING +0 leather armour.
  1983 | D:3      | 1983 ||| READING scroll labelled CUNUFO KITI.
  1984 | D:3      | 1984 ||| DRINKING 2 fuming black potions.
  1985 | D:3      | 1985 ||| READING 2 scrolls of identify.
  1985 | D:3      | 1985 ||| IDENTIFYING fizzy grey potion
  1986 | D:3      | 1986 ||| DROPPING potion of invisibility.
  2046 | D:4      | 2046 ||| STAIRDANCE
  2072 | D:4      | 2072 ||| STAIRDANCE
  2135 | D:4      | Reached skill level 1 in Armour
  2218 | D:4      | Reached skill level 5 in Ranged Weapons
  2299 | D:4      | Found a staircase to the Ecumenical Temple.
  2300 | D:4      | 2300 ||| PLANNING TEMPLE
  2300 | D:4      | 2300 ||| READING scroll labelled ZUNA VEFEICK.
  2324 | D:4      | 2324 ||| READING 2 scrolls of identify.
  2324 | D:4      | 2324 ||| IDENTIFYING fizzy red potion
  2333 | Temple   | Entered the Ecumenical Temple
  2519 | Temple   | 2519 ||| PLANNING D:1-11
  2658 | D:4      | Reached XP level 6. HP: 36/36 MP: 7/7
  2669 | D:4      | HP: 7/36 [gnoll/+0 spear[a gnoll bouda] (3)]
  2669 | D:4      | HP: 3/36 [gnoll/+2 whip of electrocution[a gnoll bouda]
                  | (4)]
  2671 | D:4      | Slain by a gnoll bouda

Levels and vault maps discovered:
D:1:      lemuel_arrival_muddy, layout_basic
D:2:      layout_rooms, glass_columns_b, minmay_pentomino_v4
D:3:      layout_basic, lemuel_crystal_altar
D:4:      layout_rooms, good_gods_temple_1, minmay_temple_entry_slanted
Temple:   grunt_temple_mini_profane

Skill      XL: |  1  2  3  4  5 |
---------------+----------------+-----
Ranged Weapons | 3 4 5 |  5.5
Fighting       | 2 |  2.8
Armour         | 1 |  1.1
Dodging        | |  1.5
Spellcasting   | |  1.0
Hexes          | |  2.6

Action                     |  1- 3 |  4- 6 || total
---------------------------+-------+-------++-------
   Fire: Sling             |   101 |   146 ||   247
    Use: Scroll            |     9 |     4 ||    13
         Potion            |       |     1 ||     1
 Armour: Robe              |    12 |    10 ||    22
         Ring mail         |       |    41 ||    41
  Dodge: Dodged            |    24 |    70 ||    94

Table legend:
 A = Non-vault XP
 B = Vault XP
 C = Vault XP percentage of total XP
 D = Non-vault monster count
 E = Vault monster count
 F = Vault count percentage of total count
                 A         B        C        D         E       F
            +---------+---------+-------+---------+---------+-------
      Total |     353 |       6 |   1.7 |      76 |       4 |   5.0
            +---------+---------+-------+---------+---------+-------
        D:1 |      45 |       0 |   0.0 |      21 |       0 |   0.0
        D:2 |      26 |       6 |  18.8 |      16 |       4 |  20.0
        D:3 |     111 |       0 |   0.0 |      27 |       0 |   0.0
        D:4 |     171 |       0 |   0.0 |      12 |       0 |   0.0
            +---------+---------+-------+---------+---------+-------
